 Dungeon Crawl Stone Soup version 0.26-a0-642-g67e99244d3 (webtiles) character file.

Game seed: 18203748421943329733

458880 Arvaildir the Scorcher (level 24, -13/171 HPs)
             Began as a Gargoyle Earth Elementalist on Sept 21, 2020.
             Was the Champion of Vehumet.
             Hit by a large rock thrown by a stone giant (33 damage)
             ... while paralysed by an ancient lich
             ... on level 5 of the Vaults on Sept 23, 2020.
             The game lasted 02:32:29 (63303 turns).

Arvaildir the Scorcher (GrEE)                      Turns: 63303, Time: 02:32:30

Health: -13/171    AC: 37    Str: 13    XL:     24   Next: 44%
Magic:  33/40      EV:  2    Int: 33    God:    Vehumet [******]
Gold:   4441       SH:  0    Dex:  7    Spells: 5/50 levels left

rFire    . . .     SeeInvis .   j - +8 eveningstar (vorpal)
rCold    . . .     Faith    .   (no shield)
rNeg     + . .     Spirit   .   G - +4 robe of Curiosity {Rampage +Inv Dex-3}
rPois    ∞         Reflect  .   Z - +1 hat {MR+}
rElec    +         Harm     .   H - +2 cloak
rCorr    .         Rampage  +   S - +0 pair of gloves
MR       ++...                  n - +2 pair of boots
Stlth    ++........             W - amulet of Vitality {Regen+ HP+15}
HPRegen  0.78/turn              V - +6 ring of intelligence
MPRegen  0.27/turn              f - ring of wizardry

@: paralysed, brilliant, flying, hasted, studying Fighting
A: big wings, repulsion field 1, icy blue scales 1, yellow scales 1, negative
energy resistance 1, electricity resistance, unbreathing, petrification
resistance, rot immunity, AC +18
}: 2/15 runes: decaying, gossamer
a: Stop Flying, Renounce Religion, Evoke Invisibility


You were on level 5 of the Vaults.
You worshipped Vehumet.
Vehumet was exalted by your worship.
You visited 8 branches of the dungeon, and saw 40 of its levels.
You visited the Abyss 1 time.
You also visited: Ossuary, Gauntlet and Wizlab.

You collected 7296 gold pieces.
You spent 2855 gold pieces at shops.

Inventory:

Hand Weapons
 j - a +8 vorpal eveningstar (weapon)
 l - a +1 vampiric demon whip
 r - the +9 staff of Wucad Mu {channel}
   (You found it in a wizard's laboratory)
Missiles
 m - 2 throwing nets (quivered)
Armour
 n - a +2 pair of boots (worn)
 G - the +4 robe of Curiosity (worn) {Rampage +Inv Dex-3}
   (You found it in a Gauntlet)

   It affects your dexterity (-3).
   It lets you turn invisible.
   It bestows one free step when moving towards enemies.
 H - a +2 cloak (worn)
 S - a +0 pair of gloves (worn)
 Z - a +1 hat of magic resistance (worn)
Jewellery
 f - a ring of wizardry (right hand)
 s - an uncursed ring of resist corrosion
 B - a +4 ring of protection
 C - an uncursed ring of positive energy
 R - an uncursed ring of wizardry
 T - an uncursed ring of magical power
 V - a +6 ring of intelligence (left hand)
 W - the amulet of Vitality (around neck) {Regen+ HP+15}
   (You took it off a deep elf sorcerer on level 3 of the Elven Halls)

   [amulet of regeneration]

   It affects your health (+15).
   It increases your rate of regeneration.
Wands
 a - a wand of iceblast (48)
 F - a wand of disintegration (22)
 J - a wand of acid (3)
 U - a wand of paralysis (15)
Scrolls
 e - a scroll of summoning
 g - 16 scrolls of teleportation
 h - 3 scrolls of blinking
 i - 23 scrolls of remove curse
 k - 6 scrolls of magic mapping
 o - 16 scrolls of identify
 x - a scroll of enchant armour
 y - 8 scrolls of fog
 D - 3 scrolls of amnesia
 K - 2 scrolls of fear
 L - a scroll of brand weapon
 O - 3 scrolls of immolation
Potions
 c - 4 potions of magic
 d - a potion of heal wounds
 p - 13 potions of curing
 q - 11 potions of stabbing
 t - 7 potions of cancellation
 u - 3 potions of brilliance
 v - 5 potions of ambrosia
 w - 4 potions of might
 E - 3 potions of haste
 I - 6 potions of mutation
 N - a potion of invisibility
 P - 2 potions of resistance
Books
 z - a manual of Fighting
Miscellaneous
 A - a condenser vane (2/2)
 M - a lightning rod (4/4)
 Q - a tin of tremorstones (3/3)


   Skills:
 + Level 17.0 Fighting
 + Level 14.2 Maces & Flails
 - Level 6.0 Armour
 + Level 12.3 Dodging
 - Level 2.1 Stealth
 + Level 13.9 Spellcasting
 + Level 16.0 Conjurations
   Level 0.7 Transmutations
 * Level 19.0 Fire Magic
 + Level 17.6 Earth Magic
 - Level 10.0 Evocations


You had 5 spell levels left.
You knew the following spells:

 Your Spells              Type           Power        Failure   Level
a - Shatter               Erth           ########..   14%         9
b - Stone Arrow           Conj/Erth      ######       0%          3
c - Lee's Rapid Deconstr  Erth           ########..   1%          5
d - Iron Shot             Conj/Erth      ########..   1%          6
e - Starburst             Conj/Fire      ########..   1%          6
g - Ignition              Fire           ########..   1%          8
h - Lehudib's Crystal Sp  Conj/Erth      ########..   1%          8

Your spell library contained the following spells:

 Spells                   Type           Power        Failure   Level
 Fire Storm               Conj/Fire      ########..   16%         9
 Chain Lightning          Conj/Air       #######...   41%         8
 Absolute Zero            Ice            ####......   100%        9
 Magic Dart               Conj           ####         0%          1
 Sandblast                Erth           ######       0%          1
 Conjure Flame            Conj/Fire      ########     0%          3
 Animate Skeleton         Necr           ####..       1%          1
 Apportation              Tloc           ####..       1%          1
 Beastly Appendage        Tmut           #####.       1%          1
 Corona                   Hex            ####...      1%          1
 Freeze                   Ice            ####         1%          1
 Pain                     Necr           ####         1%          1
 Shock                    Conj/Air       ####         1%          1
 Sting                    Tmut/Pois      ####         1%          1
 Summon Small Mammal      Summ           ####         1%          1
 Blink                    Tloc           N/A          1%          2
 Call Imp                 Summ           ####....     1%          2
 Corpse Rot               Necr/Air       N/A          1%          2
 Ensorcelled Hibernation  Hex/Ice        ####..       1%          2
 Passwall                 Tmut/Erth      #######.     1%          2
 Poisonous Vapours        Pois/Air       ####..       1%          2
 Slow                     Hex            ####....     1%          2
 Wereblood                Tmut           #####...     1%          2
 Dazzling Flash           Conj/Hex       ######       1%          3
 Frozen Ramparts          Ice            ####..       1%          3
 Ignite Poison            Fire/Tmut/Pois #######.     1%          3
 Inner Flame              Hex/Fire       #######.     1%          3
 Mephitic Cloud           Conj/Pois/Air  ######..     1%          3
 Spider Form              Tmut/Pois      #####.....   1%          3
 Hailstorm                Conj/Ice       #######.     1%          4
 Leda's Liquefaction      Hex/Erth       #######...   1%          4
 Petrify                  Tmut/Erth      #######.     1%          4
 Bolt of Magma            Conj/Fire/Erth ########..   1%          5
 Fireball                 Conj/Fire      ########..   1%          5
 Iskenderun's Battlesphe  Conj           ########     1%          5
 Call Canine Familiar     Summ           ####....     2%          3
 Confusing Touch          Hex            ####....     2%          3
 Gell's Gravitas          Tloc           ####......   2%          3
 Ozocubu's Armour         Ice            ####....     2%          3
 Portal Projectile        Hex/Tloc       ####..       2%          3
 Summon Guardian Golem    Hex/Summ       ####....     2%          3
 Tukima's Dance           Hex            ####....     2%          3
 Vampiric Draining        Necr           ####......   2%          3
 Olgreb's Toxic Radiance  Pois           ####....     2%          4
 Yara's Violent Unravell  Hex/Tmut       #####.....   5%          5
 Ice Form                 Ice/Tmut       #####...     6%          4
 Animate Dead             Necr           ####......   8%          4
 Cause Fear               Hex            ####......   8%          4
 Summon Ice Beast         Ice/Summ       ####....     8%          4
 Summon Lightning Spire   Summ/Air       ####....     8%          4
 Blade Hands              Tmut           #####.....   16%         5
 Agony                    Necr           ####....     21%         5
 Metabolic Englaciation   Hex/Ice        ####......   21%         5
 Silence                  Hex/Air        ####......   21%         5
 Summon Demon             Summ           ####......   21%         5
 Summon Forest            Summ/Tloc      ####......   21%         5
 Summon Mana Viper        Hex/Summ       ####....     21%         5
 Conjure Ball Lightning   Conj/Air       #######...   1%          6
 Orb of Destruction       Conj           ########..   1%          7
 Freezing Cloud           Conj/Ice/Air   ######....   4%          6
 Spellforged Servitor     Conj/Summ      #######...   7%          7
 Ozocubu's Refrigeration  Ice            ####......   28%         6
 Hydra Form               Tmut           #####.....   61%         6
 Eringya's Noxious Bog    Tmut/Pois      #####.....   65%         6
 Dispersal                Tloc           ####......   71%         6
 Shadow Creatures         Summ           N/A          71%         6
 Simulacrum               Ice/Necr       ####......   71%         6
 Malign Gateway           Summ/Tloc      ####......   99%         7
 Monstrous Menagerie      Summ           ####......   99%         7
 Summon Greater Demon     Summ           ####......   99%         7
 Summon Hydra             Summ           ####......   99%         7
 Discord                  Hex            ####......   100%        8
 Disjunction              Tloc           ####......   100%        8
 Summon Horrible Things   Summ           ####......   100%        8
 Tornado                  Air            ####......   100%        9
 Statue Form              Tmut/Erth      Unusable     N/A         6

Dungeon Overview and Level Annotations

Branches:
Dungeon (15/15)            Temple (1/1) D:6            Lair (6/6) D:11
  Swamp (4/4) Lair:3       Spider (4/4) Lair:3        Slime (0/5) Lair:6
    Orc (2/2) D:12            Elf (3/3) Orc:2        Vaults (5/5) D:13
  Crypt (0/3) Vaults:2     Depths (0/5) D:15        Ossuary (visited)
 WizLab (visited)         Gauntlet (visited)

Altars:
Ashenzari
Cheibriados
Dithmenos
Elyvilon
Fedhas
Gozag
Hepliaklqana
Kikubaaqudgha
Makhleb
Nemelex Xobeh
Okawaru
Qazlal
Ru
Sif Muna
Trog
Uskayaw
Vehumet
Wu Jian
Xom
Yredelemnul
Zin
The Shining One

Shops:
D:5 *[((   D:6 [   D:8 *   D:11 :   Orc:2 ![*}:[(   Elf:2 [   Vaults:2 (
Vaults:4 *

Portals:
Pandemonium: Orc:2

Annotations:
D:5 Dowan, Duvessa
Spider:1 3 runed translucent doors, Exief's ghost, adept GnWn; Miritol's ghost, journeyman GnMo; dracos369's ghost, journeyman VSFi
Orc:2 3 runed translucent doors, Miritol's ghost, journeyman TrMo; anet's ghost, journeyman GnMo
Elf:2 3 runed translucent doors


Innate Abilities, Weirdness & Mutations

You are resistant to torment.
Your stone body is resilient. (AC +18)
You are immune to poison.
Your large and strong wings let you fly indefinitely.
You resist negative energy. (rN+)
You are resistant to electric shocks. (rElec)
You can survive without breathing.
You are immune to petrification.
You are immune to rotting.
You are surrounded by a mild repulsion field. (EV +2)
You are partially covered in icy blue scales. (AC +2)
You are partially covered in yellow scales. (AC +2)


Message History

The ancient lich gestures at you while chanting.
You suddenly lose the ability to move!
An ettin comes into view. It is wielding two +0 dire flails.
The ancient lich points at you and mumbles some strange words.
The bolt of lightning misses you.
The fire giant points at you and mumbles some strange words.
The bolt of fire hits you!!
A storm dragon comes into view.
The yaktaur shoots a bolt.
The bolt hits you.
The stone giant shouts!
The orb of destruction hits you!!!!
Ouch! That really hurt!
* * * LOW HITPOINT WARNING * * *
The fire giant hits you with a +1 great sword of flaming!
* * * LOW HITPOINT WARNING * * *
The fire giant burns you.
* * * LOW HITPOINT WARNING * * *
A yaktaur captain comes into view.
The stone giant throws a large rock.
The large rock hits you!!
You die...

).#c..#........
.(...........[.
...e†......#.[.
#.....#.[[.u)..
# ..(?.[[[[....
...#..........#
..C..[C[<<[.[..
((..[.[@(.<.[..
.....[○[<<..[..
.c.$.○.[.[[....
c...°...[[...#[
...○....[[.(...
.°○...#....#..(
.L..D..........
.#...).....#C.#


You could see an ancient lich, a storm dragon, a red very ugly thing, a fire
giant, a stone giant, a yaktaur captain, an ettin, 2 yaktaurs and a deep elf
mage.

Vanquished Creatures
  Mara (Swamp:3)
  An ancient lich (Vaults:5)
  Bai Suzhen (Elf:3)
  Jorgrun (Orc:2)
  Rupert (Spider:1)
  A titan (Vaults:5)
  A deep elf blademaster (Elf:3)
  A deep elf master archer (Elf:3)
  2 sphinxes (Vaults:4)
  The ghost of supermini the Executioner, an adept MiFi of Okawaru (Swamp:3)
  A storm dragon (Vaults:4)
  6 thorn hunters
  3 fire giants
  A frost giant (Vaults:5)
  Roxanne (Spider:1)
  5 deep elf sorcerers
  11 vault wardens
  2 ghost moths (Spider:4)
  The ghost of Ajoij the Carver, a journeyman DsFi of Okawaru (Spider:3)
  A ghoul (Vaults:2)
  8 emperor scorpions
  9 deep elf elementalists (Elf:3)
  2 hydra zombies (Swamp:4)
  11 ironheart preservers
  11 very ugly things
  5 entropy weavers
  A war gargoyle (Vaults:5)
  7 stone giants
  Nessos (D:12)
  2 vampire knights (Swamp:4)
  4 deep elf demonologists
  10 deep elf annihilators
  An orange crystal statue (WizLab)
  An eidolon (Vaults:2)
  A minotaur (Gauntlet)
  A dire elephant (Lair:4)
  A spark wasp (Spider:3)
  6 deep elf death magi (Elf:3)
  An ettin (Vaults:5)
  A death ooze (Gauntlet)
  10 yaktaur captains
  7 deep elf high priests
  A fire dragon (Vaults:3)
  3 rakshasas
  37 vault guards
  3 ice dragons
  3 great orbs of eyes (Vaults:1)
  A ghost crab (Swamp:3)
  4 centaur warriors
  18 hydras
  33 two-headed ogres
  3 death knights
  2 tengu warriors (D:15)
  4 catoblepae (Lair:6)
  Erica (D:8)
  5 shambling mangroves
  15 alligators
  10 dancing weapons
  11 ogre magi
  8 death scarabs (Spider:4)
  A deep troll earth mage (Vaults:2)
  A deep troll shaman (Lair:6)
  A vampire mage (Vaults:2)
  4 thrashing horrors (Abyss:3)
  9 orc high priests
  11 death yaks (Lair:6)
  10 deep elf knights
  Nergalle (D:12)
  Urug (D:10)
  A shock serpent (shapeshifter) (Elf:2)
  2 wretched stars (Abyss:2)
  A titan skeleton (Vaults:4)
  2 fire crabs (shapeshifter)
  3 shadow wraiths
  A sixfirhy (Orc:2)
  6 large abominations
  A death drake (shapeshifter) (D:14)
  An infernal demonspawn (Orc:2)
  10 skeletal warriors
  3 unseen horrors
  15 deep elf archers
  11 deep trolls
  3 spriggan druids
  6 wizards
  6 swamp dragons
  2 spectral hydras (Swamp:4)
  2 glowing orange brains
  3 torturous demonspawn (Orc:2)
  16 ironbrand convokers
  A lindwurm (Lair:6)
  4 spectral wolf spiders (Spider:4)
  3 phantasmal warriors
  An orb spider (shapeshifter) (D:15)
  18 orb spiders
  A harpy (shapeshifter) (Vaults:1)
  3 necromancers
  32 wolf spiders
  4 oklob plants
  A manticore (D:11)
  3 cyclopes
  32 ugly things
  14 orc knights
  A moth of wrath (shapeshifter) (Elf:1)
  55 deep elf magi
  8 orc sorcerers
  A wolf spider (shapeshifter) (Gauntlet)
  A frost giant zombie (Vaults:4)
  A worldbinder (Abyss:3)
  Joseph (D:9)
  6 moths of wrath
  24 elephants
  The ghost of voshxx the Chiller, a novice OpIE (D:7)
  4 smoke demons
  An ice statue (D:14)
  8 vault sentinels
  2 torpor snails (Spider:3)
  3 black mambas
  24 cane toads
  An orange demon (Orc:2)
  A gargoyle (D:14)
  4 spectral redbacks (Spider:4)
  A human zombie (Vaults:2)
  2 kobold demonologists (D:13)
  A torpor snail (shapeshifter) (Vaults:4)
  A rime drake (shapeshifter) (Gauntlet)
  31 yaktaurs
  16 demonic crawlers
  11 freezing wraiths
  A hellwing (Orc:2)
  A tormentor (Abyss:3)
  4 rime drakes
  5 tengu conjurers
  A redback zombie (Spider:4)
  An ancient zyme (Abyss:3)
  31 jumping spiders
  9 komodo dragons
  A meliai (shapeshifter) (D:12)
  9 meliai (Spider:3)
  A jumping spider (shapeshifter) (Vaults:5)
  2 polar bears (Lair:6)
  2 spectral tarantellas (Spider:4)
  8 trolls
  Prince Ribbit (D:5)
  8 tyrant leeches
  A raiju (Gauntlet)
  30 hornets
  A raiju (shapeshifter) (Vaults:5)
  2 death drake zombies (Swamp:4)
  3 spectral jumping spiders (Spider:4)
  A hornet (shapeshifter) (Vaults:3)
  A death drake skeleton (Swamp:4)
  3 blink frogs
  2 tarantella zombies (Spider:4)
  13 hippogriffs
  A blink frog (shapeshifter) (D:13)
  A human simulacrum (Vaults:2)
  2 jumping spider zombies (Spider:4)
  6 bog bodies
  2 hippogriffs (shapeshifter)
  A stone giant simulacrum (Vaults:2)
  40 slime creatures
  An ettin skeleton (Vaults:4)
  4 air elementals
  A tarantella (shapeshifter) (D:12)
  56 redbacks
  8 shadows
  50 yaks
  A spriggan (shapeshifter) (Vaults:4)
  3 spriggans
  34 tarantellas
  2 water elementals
  2 wraiths
  4 fire elementals
  A steam dragon (Gauntlet)
  A wyvern (Lair:2)
  A hog (shapeshifter) (Elf:2)
  5 golden eyes (Abyss:3)
  A basilisk (D:15)
  4 ynoxinuls (Abyss:3)
  3 neqoxecs
  A chaos spawn (Abyss:2)
  Menkaure (D:7)
  31 vampire mosquitoes
  6 wargs
  9 insubstantial wisps
  A naga (shapeshifter) (D:15)
  2 soldier ants (shapeshifter)
  5 spatial vortices (Abyss:2)
  7 swamp worms
  2 acid dragons
  4 hydra simulacra (Swamp:4)
  11 porcupines
  A spectral hornet (Spider:4)
  13 water moccasins
  53 orc warriors
  10 swamp drakes
  5 sky beasts
  3 black bears
  3 hornet zombies (Spider:4)
  An elf zombie (Vaults:2)
  13 ice beasts
  4 starcursed masses (Abyss:3)
  4 swamp dragon zombies (Swamp:4)
  29 ogres
  5 phantoms
  5 boggarts
  21 centaurs
  3 eyes of draining
  13 wolves
  A human skeleton (Vaults:4)
  13 crocodiles
  3 big kobolds
  11 bullfrogs
  2 wyvern zombies
  An earth elemental (Elf:3)
  12 small abominations
  A troll zombie (D:12)
  6 scorpions
  5 killer bees (D:13)
  5 jellies
  8 electric eels
  13 wights
  2 howler monkeys
  5 crimson imps
  A bullfrog zombie (D:5)
  A quasit (Abyss:2)
  3 centaur zombies
  29 orc wizards
  34 orc priests
  4 bullfrog skeletons
  7 hounds
  5 centaur skeletons
  4 iguanas
  10 worker ants
  2 polar bear simulacra (D:13)
  3 yak simulacra (D:13)
  2 wolf simulacra (D:13)
  A big kobold zombie (Ossuary)
  10 ogre zombies
  A hound zombie (D:10)
  2 hound skeletons
  7 mummies (Ossuary)
  2 howler monkey skeletons
  8 gnolls
  2 worker ant zombies (D:5)
  13 adders
  A shadow imp (D:8)
  7 white imps
  2 ufetubi
  2 oozes
  5 adder zombies
  5 worms
  3 dart slugs (D:1)
  7 leopard geckos
  84 orcs
  7 bats
  8 giant cockroaches
  A gnoll zombie (Ossuary)
  5 goblins
  9 hobgoblins
  25 kobolds
  6 quokkas
  A ball python (D:2)
  7 frilled lizards
  A goblin skeleton (D:12)
  7 goblin zombies
  A hobgoblin skeleton (D:12)
  6 hobgoblin zombies
  5 kobold zombies (Ossuary)
  A leopard gecko zombie (D:5)
  3 orc skeletons (D:12)
  18 orc zombies
  3 quokka zombies (Ossuary)
  4 rats
  4 river rat simulacra (D:13)
  6 briar patches (Swamp:4)
  5 crawling corpses (Elf:3)
1898 creatures vanquished.

Vanquished Creatures (others)
  A deep elf knight (Elf:1)
  An acid dragon (D:13)
  An orc (Orc:2)
  2 briar patches (Swamp:2)
  A bush (Lair:6)
  109 fungi
  101 plants
  4 toadstools (D:1)
  16 withered plants
236 creatures vanquished.

Grand Total: 2134 creatures vanquished

Notes
Turn   | Place    | Note
-------+----------+-------------------------------------------
     0 | D:1      | Arvaildir the Gargoyle Earth Elementalist began the quest
                  | for the Orb.
     0 | D:1      | Reached XP level 1. HP: 10/10 MP: 3/3
   210 | D:1      | Reached XP level 2. HP: 15/15 MP: 5/5
   770 | D:1      | Reached XP level 3. HP: 19/19 MP: 6/6
   775 | D:1      | Learned a level 3 spell: Stone Arrow
  1665 | D:2      | Found a shadowy altar of Dithmenos.
  1815 | D:2      | Reached skill level 1 in Conjurations
  1815 | D:2      | Reached XP level 4. HP: 13/24 MP: 8/8
  2217 | D:2      | Found a white marble altar of Elyvilon.
  2468 | D:3      | Found a hide-covered altar of Uskayaw.
  2606 | D:3      | Found a snail-covered altar of Cheibriados.
  2805 | D:3      | You fall into a shaft and drop 2 floors!
  2805 | D:5      | Entered Level 5 of the Dungeon
  2805 | D:5      | Found Boiheow's Armour Boutique.
  2805 | D:5      | Noticed a centaur
  2814 | D:5      | Killed a centaur
  2814 | D:5      | Reached skill level 5 in Earth Magic
  2814 | D:5      | Reached XP level 5. HP: 25/28 MP: 4/10
  2822 | D:5      | Learned a level 5 spell: Lee's Rapid Deconstruction
  2996 | D:4      | Found a stormy altar of Qazlal.
  3032 | D:4      | Reached XP level 6. HP: 32/32 MP: 8/11
  3059 | D:4      | You fall into a shaft and drop 1 floor!
  3173 | D:5      | Noticed Prince Ribbit
  3190 | D:5      | Killed Prince Ribbit
  3190 | D:5      | Reached XP level 7. HP: 24/36 MP: 0/13
  3382 | D:5      | Noticed Duvessa
  3382 | D:5      | Noticed Dowan
  3497 | D:3      | Found a glowing golden altar of the Shining One.
  3516 | D:3      | Learned a level 2 spell: Passwall
  3608 | D:3      | Found a basalt altar of Yredelemnul.
  3834 | D:4      | Reached skill level 5 in Spellcasting
  3939 | D:4      | Reached XP level 8. HP: 21/41 MP: 12/15
  4382 | D:4      | Reached skill level 1 in Fighting
  4382 | D:4      | Reached skill level 1 in Armour
  4382 | D:4      | Reached skill level 5 in Conjurations
  4528 | D:4      | Reached skill level 1 in Maces & Flails
  4743 | D:5      | Got a shimmering leather armour
  4754 | D:5      | Identified the cursed +1 leather armour "Xazaruna" {rElec
                  | MR+ Stlth-} (You found it on level 5 of the Dungeon)
  5032 | D:5      | Found a shattered altar of Ashenzari.
  5033 | D:5      | Found a shimmering blue altar of Sif Muna.
  5109 | D:5      | Found a shimmering altar of Xom.
  5457 | D:5      | Found Vuraewn's Weapon Boutique.
  5469 | D:5      | Found Ibleb's General Store.
  5480 | D:5      | Bought a wand of iceblast (7) for 143 gold pieces
  5480 | D:5      | Bought a potion of heal wounds for 65 gold pieces
  5658 | D:5      | Found Xutudee's Weapon Shop.
  5931 | D:5      | Reached XP level 9. HP: 49/49 MP: 9/17
  6102 | D:6      | Found Qasing's Armour Emporium.
  6290 | D:6      | Found a staircase to the Ecumenical Temple.
  6296 | Temple   | Entered the Ecumenical Temple
  6901 | D:6      | Found a glowing silver altar of Zin.
  7092 | D:7      | Noticed voshxx's ghost (novice OpIE)
  7097 | D:7      | Found a runed translucent door.
  7103 | D:7      | Noticed Menkaure
  7120 | D:7      | Killed Menkaure
  7373 | D:7      | Killed voshxx's ghost
  7373 | D:7      | Reached skill level 1 in Evocations
  8049 | D:7      | Reached XP level 10. HP: 50/56 MP: 19/19
  8245 | D:8      | Noticed Erica
  8255 | D:8      | Killed Erica
  8356 | D:8      | Found Oqugei Myan's Assorted Antiques.
  8368 | D:8      | Bought a scroll of identify for 34 gold pieces
  8368 | D:8      | Bought a scroll labeled CUMISI KAVUOS for 17 gold pieces
  8368 | D:8      | Bought a tattered robe for 96 gold pieces
  8368 | D:8      | Bought a scroll of identify for 34 gold pieces
  8380 | D:8      | Identified the cursed +0 robe of the Sky {rN+ Str+3 Stlth+}
                  | (You bought it in a shop on level 8 of the Dungeon)
  8619 | D:8      | Found a sand-covered staircase.
  8628 | Ossuary  | Entered an ossuary
  8636 | Ossuary  | Gained mutation: You occasionally shout uncontrollably at
                  | your foes. [potion of mutation]
  8636 | Ossuary  | Gained mutation: You are somewhat resistant to further
                  | mutation. [potion of mutation]
  8637 | Ossuary  | Lost mutation: You occasionally shout uncontrollably at
                  | your foes. [potion of mutation]
  8637 | Ossuary  | Lost mutation: You are somewhat resistant to further
                  | mutation. [potion of mutation]
  8637 | Ossuary  | Gained mutation: Your spells are a little harder to cast,
                  | but a little more powerful. [potion of mutation]
  8637 | Ossuary  | Gained mutation: You are surrounded by a mild repulsion
                  | field. (EV +2) [potion of mutation]
  8637 | Ossuary  | Gained mutation: Your body sometimes deteriorates upon
                  | taking damage. [potion of mutation]
  8637 | Ossuary  | Gained mutation: You are partially covered in icy blue
                  | scales. (AC +2) [potion of mutation]
  9527 | D:8      | Found a shimmering altar of Xom.
  9528 | D:8      | Found a burning altar of Makhleb.
  9833 | D:9      | Found a radiant altar of Vehumet.
  9838 | D:9      | Became a worshipper of Vehumet
 10110 | D:9      | Noticed Joseph
 10129 | D:9      | Killed Joseph
 10129 | D:9      | Reached skill level 5 in Fighting
 10129 | D:9      | Reached skill level 5 in Armour
 10580 | D:9      | Reached XP level 11. HP: 64/64 MP: 15/21
 10711 | D:9      | Found an opulent altar of Gozag.
 10738 | D:9      | Reached skill level 5 in Maces & Flails
 10839 | D:9      | Reached * piety under Vehumet
 10839 | D:9      | Offered knowledge of Magic Dart by Vehumet.
 11267 | D:10     | Entered Level 10 of the Dungeon
 11295 | D:10     | Noticed Urug
 11312 | D:10     | Killed Urug
 11711 | D:10     | Identified a scroll of acquirement
 11711 | D:10     | Acquired 610 gold pieces
 12179 | D:11     | Reached ** piety under Vehumet
 12179 | D:11     | Offered knowledge of Foxfire by Vehumet.
 12193 | D:11     | Found a staircase to the Lair.
 12261 | D:11     | Found Caess's Book Shop.
 12457 | D:11     | Noticed a manticore
 12464 | D:11     | Reached skill level 5 in Dodging
 12466 | D:11     | Killed a manticore
 12723 | D:11     | Noticed a red ugly thing
 12733 | D:11     | Killed a red ugly thing
 12733 | D:11     | Reached skill level 10 in Earth Magic
 13121 | D:12     | Offered knowledge of Searing Ray by Vehumet.
 13139 | D:12     | Reached *** piety under Vehumet
 13169 | D:12     | Found a staircase to the Orcish Mines.
 13182 | D:12     | Reached XP level 12. HP: 48/71 MP: 21/23
 13249 | D:12     | Offered knowledge of Mephitic Cloud by Vehumet.
 13853 | D:12     | Reached **** piety under Vehumet
 13992 | D:12     | Noticed Nergalle
 14005 | D:12     | Killed Nergalle
 14005 | D:12     | Offered knowledge of Static Discharge by Vehumet.
 14201 | D:12     | Reached skill level 5 in Evocations
 14542 | D:13     | Noticed Nessos
 14544 | D:13     | Noticed a vault guard
 14726 | D:12     | Killed a vault guard
 14914 | D:13     | Noticed a vault guard
 14927 | D:12     | Killed a vault guard
 15185 | D:13     | Noticed a vault guard
 15190 | D:12     | Killed Nessos
 15236 | D:12     | Killed a vault guard
 15509 | D:13     | Noticed a vault guard
 15531 | D:13     | Killed a vault guard
 15676 | D:13     | Found a gate to the Vaults.
 15755 | D:13     | Reached XP level 13. HP: 52/78 MP: 11/25
 15873 | D:13     | Reached ***** piety under Vehumet
 15892 | D:13     | Offered knowledge of Iron Shot by Vehumet.
 15900 | D:13     | Learned a level 6 spell: Iron Shot
 17187 | D:14     | Reached skill level 10 in Conjurations
 17595 | D:14     | Noticed an ice dragon
 17615 | D:14     | Killed an ice dragon
 17948 | Lair:1   | Entered Level 1 of the Lair of Beasts
 19043 | Lair:1   | Offered knowledge of Sticky Flame by Vehumet.
 19192 | Lair:1   | Identified the Reference Book on Nocuous Attacks
 19739 | Lair:2   | You fall into a shaft and drop 1 floor!
 20024 | Lair:3   | Gained mutation: Your large and strong wings let you fly
                  | indefinitely. [Gargoyle growth]
 20024 | Lair:3   | Reached XP level 14. HP: 86/86 MP: 27/27
 20227 | Lair:3   | Found a hole to the Spider Nest.
 20653 | Lair:3   | Found a staircase to the Swamp.
 21089 | Lair:2   | Identified Sif Muna's Collected Works on Vitriolic Air
 22824 | Lair:4   | Noticed a dire elephant
 22829 | Lair:4   | Killed a dire elephant
 23375 | Lair:4   | Reached skill level 10 in Fighting
 24240 | Lair:5   | Learned a level 5 spell: Bolt of Magma
 24454 | Lair:5   | Offered knowledge of Lightning Bolt by Vehumet.
 24688 | Lair:6   | Entered Level 6 of the Lair of Beasts
 24782 | Lair:6   | Reached skill level 10 in Spellcasting
 25148 | Lair:6   | Reached XP level 15. HP: 53/93 MP: 29/29
 26017 | Lair:6   | Reached skill level 10 in Maces & Flails
 26732 | Lair:6   | Found a staircase to the Slime Pits.
 27050 | Orc:1    | Entered Level 1 of the Orcish Mines
 27427 | Orc:1    | Reached ****** piety under Vehumet
 27431 | Orc:1    | Offered knowledge of Irradiate by Vehumet.
 27797 | Orc:2    | Entered Level 2 of the Orcish Mines
 27802 | Orc:2    | Found Tazir's Armour Shoppe.
 27821 | Orc:2    | Found Suen's Antique Weapon Emporium.
 27855 | Orc:2    | Found Pig Nyig's Book Emporium.
 27874 | Orc:2    | Found a gate leading to a gauntlet.
 27883 | Gauntlet | Entered a Gauntlet
 27883 | Gauntlet | Found a transporter.
 27883 | Gauntlet | Found a transporter.
 27883 | Gauntlet | Found a transporter.
 28117 | Gauntlet | Found a transporter.
 28131 | Gauntlet | Found a transporter.
 28142 | Gauntlet | Found a transporter.
 28152 | Gauntlet | Found a transporter.
 28167 | Gauntlet | Found a transporter.
 28173 | Gauntlet | Found a transporter.
 28195 | Gauntlet | Found a transporter.
 28220 | Gauntlet | Found a transporter.
 28221 | Gauntlet | Found a transporter.
 28318 | Gauntlet | Got an ichor-stained robe
 28319 | Gauntlet | Identified the +4 robe of Curiosity {Rampage +Inv Dex-3}
                  | (You found it in a Gauntlet)
 28434 | Gauntlet | Identified the +2 hunting sling of Distant Worlds {freeze,
                  | Int+2}
 28439 | Gauntlet | Reached skill level 1 in Fire Magic
 28527 | Orc:2    | Reached skill level 2 in Fire Magic
 28746 | Orc:2    | Found a staircase to the Elven Halls.
 28781 | Orc:2    | Reached skill level 3 in Fire Magic
 29082 | Orc:2    | Bought a book of Fire for 1040 gold pieces
 29089 | Orc:2    | Learned a level 6 spell: Starburst
 29118 | Orc:2    | Found Isto's Distillery.
 29135 | Orc:2    | Noticed Jorgrun
 29149 | Orc:2    | Killed Jorgrun
 29149 | Orc:2    | Reached skill level 4 in Fire Magic
 29382 | Orc:2    | Found Xiwupuem's General Store.
 29408 | Orc:2    | Reached skill level 5 in Fire Magic
 29734 | Orc:2    | Bought a potion of haste for 150 gold pieces
 29734 | Orc:2    | Bought a potion of curing for 45 gold pieces
 29734 | Orc:2    | Bought 2 potions of mutation for 240 gold pieces
 29734 | Orc:2    | Bought a potion of curing for 45 gold pieces
 29757 | Orc:2    | Bought a scroll of teleportation for 39 gold pieces
 29757 | Orc:2    | Bought a scroll of brand weapon for 260 gold pieces
 29757 | Orc:2    | Bought a scroll of teleportation for 39 gold pieces
 29757 | Orc:2    | Bought a scroll of identify for 26 gold pieces
 29859 | Orc:2    | Found a runed translucent gate.
 29859 | Orc:2    | Found a runed translucent gate.
 29859 | Orc:2    | Found a runed translucent gate.
 29860 | Orc:2    | Noticed Miritol's ghost (journeyman TrMo)
 29861 | Orc:2    | Noticed anet's ghost (journeyman GnMo)
 29880 | Orc:2    | Offered knowledge of Ozocubu's Refrigeration by Vehumet.
 29880 | Orc:2    | Reached skill level 6 in Fire Magic
 30308 | Orc:2    | Reached XP level 16. HP: 100/100 MP: 19/30
 30426 | Orc:2    | Reached skill level 7 in Fire Magic
 30577 | Orc:2    | Reached skill level 8 in Fire Magic
 30587 | Orc:2    | Paralysed by an orc sorcerer for 5 turns
 30794 | Orc:2    | Found Qaqiot's Antique Armour Shoppe.
 30794 | Orc:2    | Found Xusuicun's Gadget Emporium.
 30795 | Orc:2    | Found a one-way gate leading to the halls of Pandemonium.
 30837 | Orc:2    | Bought a glowing hat for 210 gold pieces
 31082 | Orc:2    | Bought a potion of heal wounds for 75 gold pieces
 31181 | D:15     | Entered Level 15 of the Dungeon
 31274 | D:15     | Reached skill level 9 in Fire Magic
 31395 | D:15     | Offered knowledge of Ozocubu's Refrigeration by Vehumet.
 31512 | D:15     | Reached skill level 10 in Fire Magic
 31637 | D:15     | Found a sacrificial altar of Ru.
 32023 | D:15     | Found a staircase to the Depths.
 32030 | D:15     | Reached skill level 11 in Fire Magic
 32473 | Spider:1 | Entered Level 1 of the Spider Nest
 33432 | Spider:1 | Found a runed translucent gate.
 33444 | Spider:1 | Found a runed translucent gate.
 33445 | Spider:1 | Found a runed translucent gate.
 33446 | Spider:1 | Noticed dracos369's ghost (journeyman VSFi)
 33446 | Spider:1 | Noticed Exief's ghost (adept GnWn)
 33446 | Spider:1 | Noticed Miritol's ghost (journeyman GnMo)
 33578 | Spider:1 | Offered knowledge of Lehudib's Crystal Spear by Vehumet.
 33587 | Spider:1 | Noticed Rupert
 33593 | Spider:1 | Killed Rupert
 33593 | Spider:1 | Reached skill level 12 in Fire Magic
 33593 | Spider:1 | Reached XP level 17. HP: 74/104 MP: 16/31
 33994 | Spider:1 | Noticed Roxanne
 33999 | Spider:1 | Killed Roxanne
 34478 | Spider:2 | Learned a level 8 spell: Lehudib's Crystal Spear
 35949 | Spider:3 | Reached skill level 13 in Fire Magic
 37422 | Spider:3 | Reached skill level 10 in Evocations
 37494 | Spider:3 | Found a runed translucent gate.
 37494 | Spider:3 | Found a runed translucent gate.
 37497 | Spider:3 | Found a runed translucent gate.
 37499 | Spider:3 | Noticed Ajoij's ghost (journeyman DsFi)
 37544 | Spider:3 | Killed Ajoij's ghost
 38138 | Spider:3 | Offered knowledge of Fire Storm by Vehumet.
 38138 | Spider:3 | Offered knowledge of Chain Lightning by Vehumet.
 38138 | Spider:3 | Offered knowledge of Absolute Zero by Vehumet.
 38433 | Spider:3 | Learned a level 8 spell: Ignition
 38888 | Spider:4 | Entered Level 4 of the Spider Nest
 39176 | Swamp:1  | Entered Level 1 of the Swamp
 39211 | Swamp:1  | Reached XP level 18. HP: 99/110 MP: 18/32
 39780 | Swamp:1  | Reached skill level 14 in Fire Magic
 40351 | Swamp:2  | Acquired 1470 gold pieces
 42357 | Swamp:3  | Noticed Mara
 42368 | Swamp:3  | Noticed Arvaildir's illusion
 42372 | Swamp:3  | Killed Mara
 42671 | Swamp:3  | Found a runed translucent door.
 42671 | Swamp:3  | Noticed supermini's ghost (adept MiFi)
 42852 | Swamp:3  | Killed supermini's ghost
 43183 | Swamp:4  | Entered Level 4 of the Swamp
 44501 | Swamp:4  | Reached XP level 19. HP: 60/116 MP: 19/34
 44734 | Swamp:4  | Reached skill level 15 in Fire Magic
 45337 | Swamp:4  | Found a blossoming altar of Fedhas.
 45522 | Swamp:4  | Got a decaying rune of Zot
 45569 | Swamp:4  | Found a basalt altar of Yredelemnul.
 47399 | Spider:4 | Reached skill level 10 in Dodging
 47944 | Spider:4 | Reached skill level 15 in Earth Magic
 47962 | Spider:4 | Got a gossamer rune of Zot
 48440 | Vaults:1 | Entered Level 1 of the Vaults
 49080 | Vaults:1 | Reached XP level 20. HP: 120/124 MP: 35/35
 49362 | Elf:1    | Entered Level 1 of the Elven Halls
 49837 | Elf:1    | Reached skill level 16 in Fire Magic
 51248 | Elf:2    | Found Piavvoih's Armour Shoppe.
 51431 | Elf:2    | Found a runed translucent gate.
 51431 | Elf:2    | Found a runed translucent gate.
 51432 | Elf:2    | Found a runed translucent gate.
 51775 | Elf:3    | Entered Level 3 of the Elven Halls
 51908 | Elf:3    | Found a magical portal.
 51918 | WizLab   | Entered Wucad Mu's Monastery
 52039 | WizLab   | Found the +9 staff of Wucad Mu {channel}
 52324 | WizLab   | Reached XP level 21. HP: 130/130 MP: 37/37
 53144 | Elf:3    | Noticed Bai Suzhen
 53148 | Elf:3    | Killed Bai Suzhen
 53308 | Elf:3    | Cast into level 2 of the Abyss (a deep elf sorcerer)
 53597 | Abyss:2  | Gained mutation: You are occasionally teleported next to
                  | monsters. [a neqoxec]
 53641 | Abyss:2  | Found a corrupted altar of Lugonu.
 53778 | Abyss:3  | Found a corrupted altar of Lugonu.
 54078 | Abyss:3  | Found a corrupted altar of Lugonu.
 54172 | Elf:3    | Escaped the Abyss
 54397 | Elf:3    | Reached XP level 22. HP: 125/137 MP: 31/38
 54408 | Elf:3    | Reached skill level 17 in Fire Magic
 54793 | Elf:3    | Identified the +2 dagger of Premature Burial {venom, Int+3}
 54971 | Elf:3    | Identified the +6 chain mail of the Blessed Realm {MR+}
 55681 | Elf:3    | Identified the Tome of Combat Magic and Earth
 58001 | Vaults:2 | Lost mutation: Your spells are a little harder to cast, but
                  | a little more powerful. [potion of mutation]
 58001 | Vaults:2 | Lost mutation: Your body sometimes deteriorates upon taking
                  | damage. [potion of mutation]
 58001 | Vaults:2 | Lost mutation: You are occasionally teleported next to
                  | monsters. [potion of mutation]
 58001 | Vaults:2 | Gained mutation: You have a pair of small horns on your
                  | head. [potion of mutation]
 58001 | Vaults:2 | Lost mutation: You have a pair of small horns on your head.
                  | [potion of mutation]
 58001 | Vaults:2 | Gained mutation: You are partially covered in yellow
                  | scales. (AC +2) [potion of mutation]
 58053 | Vaults:2 | Reached skill level 15 in Fighting
 58162 | Vaults:2 | Reached skill level 15 in Conjurations
 58277 | Vaults:2 | Found a staircase to the Crypt.
 58495 | Vaults:2 | Found Uvakuh's Antique Weapon Shoppe.
 58867 | Vaults:2 | Reached XP level 23. HP: 144/144 MP: 25/40
 59669 | Vaults:3 | Reached skill level 18 in Fire Magic
 61462 | Vaults:4 | Found Uqili's General Store.
 61469 | Vaults:4 | Bought a scroll of teleportation for 33 gold pieces
 61469 | Vaults:4 | Bought a potion of curing for 33 gold pieces
 61469 | Vaults:4 | Bought a potion of magic for 88 gold pieces
 61469 | Vaults:4 | Bought a potion of haste for 110 gold pieces
 61469 | Vaults:4 | Bought a scroll of teleportation for 33 gold pieces
 62640 | Vaults:4 | Reached XP level 24. HP: 154/154 MP: 40/40
 62899 | Vaults:5 | Entered Level 5 of the Vaults
 63037 | Vaults:4 | Learned a level 9 spell: Shatter
 63046 | Vaults:5 | Noticed an ancient lich
 63050 | Vaults:5 | Killed an ancient lich
 63050 | Vaults:5 | Reached skill level 19 in Fire Magic
 63051 | Vaults:5 | Noticed an ancient lich
 63300 | Vaults:5 | Paralysed by an ancient lich for 5 turns
 63303 | Vaults:5 | Hit by a large rock thrown by a stone giant

Illustrated notes

Levels and vault maps discovered:
D:1:      minmay_arrival_split_and_join, layout_basic, minmay_gold_behind_fungi
D:2:      layout_loops_ring, lemuel_coloured_pillars_altar,
          grunt_dithmenos_smoke
D:3:      layout_basic, eat_drink_and_be_merry_uskayaw,
          nicolae_overflow_hidden_temple, lemuel_round_altar, dk_vineyard_2,
          yredelemnul_altar_generic
D:4:      layout_loops_ring, nicolae_qazlal_eye_of_the_storm
D:5:      minmay_inner_zag, layout_loops_corners,
          gammafunk_temple_overflow_pools, serial_shops, shop,
          nicolae_shop_stone, shop, shop, led_xom_imps, uniq_prince_ribbit1,
          uniq_duvessa
D:6:      layout_basic, lemuel_doored_altar, minmay_temple_entry_fiery,
          serial_shops, shop
D:7:      layout_loops_ring, hellmonk_ghost_happy_afterlife, uniq_menkaure
D:8:      layout_rooms, grunt_temple_overflow_champion_of_chaos, serial_shops,
          shop, lightli_ossuary_entry_decrepit_ruins, minivault_14, uniq_erica
D:9:      layout_stronghold, vehumet_crystals, overflow_temple_1_default,
          uniq_joseph
D:10:     layout_rooms, uniq_urug
D:11:     layout_irregular_city, lair_entry_dummy, serial_shops, shop
D:12:     layout_small_grid, zombieorc2_lemuel, lightli_minifort, uniq_nergalle
D:13:     layout_roguey, lightli_vaults_fourway_checkpoint,
          minmay_misc_feat_ornament, eino_house_with_fridge, uniq_nessos
D:14:     layout_loops_ring, minmay_misc_feat_encased, ice2_lemuel
D:15:     gammafunk_enter_depths_forms, layout_basic, basic_altar,
          nicolae_twisting_strands
Temple:   compressed_dpeg_triangle_lava_temple
Lair:1:   layout_layer_cave, lemuel_fruit_fields, lemuel_fruit_tree
Lair:2:   layout_hall_layers, serial_bayou_shore_b, grunt_megastairs_4
Lair:3:   layout_roguey, minmay_swamp_entry_swarm,
          nicolae_spider_entry_non_spiders, minivault_24
Lair:4:   mu_elephants_graveyard, layout_misc_corridors
Lair:5:   layout_cave_pods, grunt_megastairs_5, serial_bayou_shore_a,
          infiniplex_staircase_pool
Lair:6:   grunt_lair_end_beastmaster, layout_big_grid, dpeg_slime_entry_corner,
          grunt_megastairs_3
Swamp:1:  layout_basic_swamp, evilmike_swamp_ruin_rubble_2, swamp_pool3
Swamp:2:  layout_basic_swamp, evilmike_swamp_ruin_house_3
Swamp:3:  layout_basic_swamp, ebering_ghost_reflecting_pool,
          evilmike_swamp_ruin_house_6, swamp_pool1, st_swamp_mini, uniq_mara
Swamp:4:  byrel_swamp_growth_death_and_undeath, layout_basic_swamp
Spider:1: layout_spider_delve, gammafunk_ghost_cemetery, uniq_rupert,
          uniq_roxanne
Spider:2: layout_chambers, nicolae_crawler_farm
Spider:3: spiders_nest_scorpion_pit, gammafunk_ghost_split
Spider:4: floodkiller_spider_rune_tomb
Orc:1:    layout_caves
Orc:2:    pf_orc_diabolical, layout_caves, gauntlet_entry_generic, serial_shops,
          shop, shop, shop, gammafunk_ghost_cemetery, uniq_jorgrun
Elf:1:    minmay_elf_arrival_plus, layout_gridlike, hangedman_elf_disciples,
          hangedman_glass_teeth, grunt_ministairs_8, hangedman_elven_ridges,
          guppyfry_library_mini
Elf:2:    layout_geoelf_diagonals, serial_shops, shop_statue
Elf:3:    nooodl_elf_gasket, layout_geoelf_castle, mu_enter_wizlab_4,
          minivault_20, laboratory, uniq_bai_suzhen
Vaults:1: ontoclasm_vaults_ring_small, v_misc_8, vaults_room_door_hall,
          nicolae_vaults_yaktaur_gun_rack, v_rooms_5,
          vaults_standard_mumra_lines, vaults_mumra_hex,
          vaults_room_stairs_pillars, vaults_dpeg_ring, layout_vaults_omnigrid
Vaults:2: minmay_crypt_entry_simple_sparse, serial_ice_m, vaults_dpeg_spiral,
          hangedman_vaults_stretched_pinwheel, v_rooms_3,
          nicolae_vaults_twisting_passages, v_misc_10, serial_ice_h,
          nicolae_vaults_little_squares_1, nicolae_vaults_theta,
          ontoclasm_vaults_eye, vaults_room_grunt_arrival_checkpoint,
          layout_vaults_ring, serial_shops, nicolae_shop_behind_doors
Vaults:3: v_rooms_4, grunt_vaults_funnel, hangedman_vaults_variations,
          hangedman_vaults_maws, v_misc_31, ontoclasm_vaults_chip,
          ontoclasm_vaults_ligature, ontoclasm_vaults_misaligned,
          grunt_vaults_focal, nicolae_vaults_little_squares_1,
          layout_vaults_chaotic_city
Vaults:4: vaults_room_octagon, nicolae_vaults_lopsided_apartments,
          nicolae_vaults_alarming, nicolae_vaults_disjoint_gnomons, v_misc_23,
          vaults_dpeg_cross, nicolae_vaults_little_squares_2, v_pattern_1,
          grunt_vaults_swirl, hangedman_vaults_slither, v_misc_33,
          vaults_room_fancy_cross, vaults_room_hallway,
          layout_vaults_maze_bifur, serial_shops, shop
Vaults:5: uniq_sojobo, uniq_mennas

Skill      XL: |  1  2  3  4  5  6  7  8  9 10 11 12 13 14 15 16 17 18 19 20 21 22 23 24 |
---------------+-------------------------------------------------------------------------+-----
Earth Magic    | 4 5 6 7 8 9 10 11 12 13 14 15 16 17 | 17.6
Conjurations   | 1 2 4 5 6 7 8 9 10 11 12 13 14 15 16 | 16.0
Spellcasting   | 3 4 5 6 7 8 9 10 11 12 13 | 13.9
Fighting       | 2 4 5 6 7 9 10 11 12 13 14 15 16 17 | 17.0
Armour         | 2 4 5 6 |  6.0
Maces & Flails | 2 3 4 6 7 8 9 10 11 12 13 14 | 14.2
Dodging        | 2 3 4 5 6 7 8 9 10 11 12 | 12.3
Evocations     | 1 3 4 5 6 7 10 | 10.0
Fire Magic     | 6 12 13 14 15 16 17 18 19 | 19.0
Stealth        | |  2.1
Transmutations | |  0.7

Action                   |  1- 3 |  4- 6 |  7- 9 | 10-12 | 13-15 | 16-18 | 19-21 | 22-24 || total
-------------------------+-------+-------+-------+-------+-------+-------+-------+-------++-------
Melee: Dagger            |    66 |       |       |       |       |       |       |       ||    66
       Short sword       |    66 |   103 |   287 |       |       |       |       |       ||   456
       Morningstar       |       |       |    66 |    14 |       |       |       |       ||    80
       Flail             |       |       |       |   561 |  1113 |   842 |   386 |       ||  2902
       Eveningstar       |       |       |       |       |       |       |   176 |   487 ||   663
Throw: Throwing net      |       |       |       |       |       |     1 |       |       ||     1
 Cast: Sandblast         |     9 |    40 |    88 |    75 |    14 |     9 |     5 |       ||   240
       Passwall          |       |       |     1 |       |       |       |       |       ||     1
       Lee's Rapid Decon |       |       |     5 |    54 |    87 |    53 |    22 |     5 ||   226
       Stone Arrow       |       |       |       |    12 |     4 |       |       |       ||    16
       Iron Shot         |       |       |       |       |    49 |   156 |   134 |   102 ||   441
       Starburst         |       |       |       |       |    15 |    69 |     2 |       ||    86
       Bolt of Magma     |       |       |       |       |     2 |     5 |       |       ||     7
       Ignition          |       |       |       |       |       |    28 |    47 |    80 ||   155
       Shatter           |       |       |       |       |       |       |       |     7 ||     7
 Abil: Fly               |       |       |       |       |     1 |       |       |       ||     1
       Evoke Invisibilit |       |       |       |       |     1 |       |     1 |       ||     2
Evoke: Wand              |       |       |     3 |     3 |    14 |    12 |       |       ||    32
       Tin of tremorston |       |       |       |       |       |     3 |       |       ||     3
       Condenser vane    |       |       |       |       |       |     2 |       |       ||     2
  Use: Scroll            |     3 |     4 |    13 |    16 |    15 |    11 |    17 |     8 ||    87
       Potion            |       |       |     1 |     3 |     9 |     6 |    16 |     3 ||    38
 Stab: Sleeping          |     7 |     1 |       |    20 |     9 |     1 |     2 |     1 ||    41
       Distracted        |       |       |       |     1 |     2 |     1 |     2 |       ||     6
       Petrified         |       |       |       |       |     4 |       |       |       ||     4
       Invisible         |       |       |       |       |       |       |     2 |       ||     2
Armor: Robe              |    23 |    43 |    28 |   232 |   630 |   821 |   541 |   259 ||  2577
       Leather armour    |       |       |    97 |     3 |       |       |       |       ||   100
Dodge: Dodged            |    86 |   139 |   341 |   588 |  1137 |  1066 |   534 |   340 ||  4231

Table legend: (Time is in decaauts)
 A = Elapsed time spent in this place.
 B = Non-inter-level travel time spent in this place.
 C = Inter-level travel time spent in this place.
 D = Time resting spent in this place.
 E = Time spent auto-exploring this place.
 F = Levels seen in this place.
 G = Mean time per level.
                   A        B        C        D        E       F      G
               +--------+--------+--------+--------+--------+-----+--------+
         Total |  63114 |  59845 |   3269 |  15870 |  31827 |  45 | 1402.5 |
       Dungeon |  18786 |  17736 |   1050 |   3412 |  10110 |  15 | 1252.4 |
        Temple |    213 |    204 |      9 |      0 |    204 |   1 |  213.0 |
          Lair |   9620 |   9005 |    615 |   1877 |   5529 |   6 | 1603.3 |
         Swamp |   6443 |   6190 |    253 |   2324 |   2940 |   4 | 1610.8 |
   Spider Nest |   8809 |   8203 |    606 |   3295 |   3464 |   4 | 2202.2 |
  Orcish Mines |   3302 |   3055 |    247 |   1177 |   1139 |   2 | 1651.0 |
   Elven Halls |   5961 |   5775 |    186 |   1404 |   3311 |   3 | 1987.0 |
        Vaults |   7228 |   6927 |    301 |   1224 |   4380 |   5 | 1445.6 |
         Abyss |    846 |    846 |      0 |    612 |     47 |   2 |  423.0 |
       Ossuary |    814 |    814 |      0 |    251 |    229 |   1 |  814.0 |
        Wizlab |    485 |    485 |      0 |    226 |     95 |   1 |  485.0 |
      Gauntlet |    603 |    603 |      0 |     65 |    379 |   1 |  603.0 |
               +--------+--------+--------+--------+--------+-----+--------+

Top non-repeatable levels by time:
   Elf:3: 3488 daAuts
   Orc:2: 2766 daAuts
    D:12: 2681 daAuts
Spider:2: 2555 daAuts
Spider:4: 2457 daAuts
  Lair:3: 2439 daAuts
Spider:3: 2428 daAuts
  Lair:6: 2154 daAuts
 Swamp:4: 2058 daAuts
Vaults:4: 1915 daAuts
Vaults:1: 1856 daAuts
     D:5: 1836 daAuts
 Swamp:3: 1831 daAuts
Vaults:3: 1737 daAuts
Vaults:2: 1697 daAuts
